 Dungeon Crawl Stone Soup version 0.21.1-1-g345015f (webtiles) character file.

4540 wojtek the Cleaver (level 10, -3/86 HPs)
             Began as a Minotaur Fighter on July 23, 2018.
             Was a Follower of Makhleb.
             Slain by a hellwing (9 damage)
             ... on level 9 of the Dungeon.
             The game lasted 00:13:25 (8040 turns).

wojtek the Cleaver (Minotaur Fighter)               Turns: 8040, Time: 00:13:26

Health: -3/86      AC: 17    Str: 26    XL:     10   Next: 17%
Magic:  11/11      EV:  8    Int:  5    God:    Makhleb [*.....]
Gold:   523        SH: 11    Dex: 11    Spells: 9/9 levels left

rFire    . . .     SeeInvis .   a - +0 war axe
rCold    . . .     Gourm    .   c - +0 shield
rNeg     . . .     Faith    .   e - +1 plate armour {MR+}
rPois    +         Spirit   .   (helmet restricted)
rElec    .         Reflect  .   (no cloak)
rCorr    .         Harm     .   y - +0 pair of gloves
MR       +....                  x - +0 pair of boots
Stlth    ..........             q - amulet of regeneration
HPRegen  0.64/turn              w - +3 ring of strength
MPRegen  0.12/turn              n - ring of poison resistance

@: no status effects
A: retaliatory headbutt, horns 2
a: Renounce Religion


You were on level 9 of the Dungeon.
You worshipped Makhleb.
Makhleb was aware of your devotion.
You were not hungry.

You visited 2 branches of the dungeon, and saw 10 of its levels.

You collected 523 gold pieces.

Inventory:

Hand Weapons
 a - a +0 war axe (weapon)
 b - a +2 hand axe of freezing
Missiles
 B - 2 throwing nets (quivered)
Armour
 c - a +0 shield (worn)
 e - a +1 plate armour of magic resistance (worn)
 x - a +0 pair of boots (worn)
 y - a +0 pair of gloves (worn)
Jewellery
 n - a ring of poison resistance (right hand)
 q - an amulet of regeneration (around neck)
 v - an uncursed ring of positive energy
 w - a +3 ring of strength (left hand)
 L - an uncursed ring of flight
Wands
 u - a wand of polymorph (9)
Scrolls
 i - a scroll of blinking
 j - 2 scrolls of identify
 o - a scroll of random uselessness {unknown}
 r - 4 scrolls of teleportation
 s - 6 scrolls of amnesia
 t - a scroll of magic mapping {unknown}
 z - 4 scrolls of immolation
 C - 2 scrolls of fog
 E - a scroll of enchant weapon {unknown}
 H - 3 scrolls of noise
 J - a scroll of holy word {unknown}
Potions
 d - 2 potions of might
 g - 2 potions of resistance
 h - a potion of cancellation {unknown}
 k - a potion of heal wounds
 l - a potion of degeneration {unknown}
 A - a potion of lignification {unknown}
 F - a potion of magic {unknown}
 I - a potion of flight {unknown}
 K - a potion of curing {unknown}
Books
 G - a book of Changes

   Spells                             Type                      Level
   a - Beastly Appendage              Transmutation                1
   b - Sticks to Snakes               Transmutation                2
   c - Spider Form                    Transmutation/Poison         3
   d - Ice Form                       Ice/Transmutation            4
   e - Blade Hands                    Transmutation                5
Miscellaneous
 p - a fan of gales
Comestibles
 f - 12 rations
 m - 4 chunks of flesh


   Skills:
 + Level 7.3 Fighting
 * Level 11.4 Axes
 + Level 7.4 Armour
 + Level 5.8 Dodging
 + Level 7.4 Shields
 * Level 3.2 Invocations
 + Level 1.0 Evocations


You had 9 spell levels left.
You didn't know any spells.

Dungeon Overview and Level Annotations

Branches:
Dungeon (9/15)             Temple (1/1) D:7
   Lair: D:8-11         Orc: D:9-12

Altars:
Ashenzari
Cheibriados
Dithmenos
Elyvilon
Fedhas
Gozag
Hepliaklqana
Kikubaaqudgha
Makhleb
Nemelex Xobeh
Okawaru
Qazlal
Ru
Sif Muna
Trog
Uskayaw
Vehumet
Wu Jian
Xom
Yredelemnul
Zin
The Shining One

Shops:
D:6 %

Annotations:
D:7 wojtek's ghost, novice MiFi
D:8 Maurice; tminei's ghost, novice MiBe


Innate Abilities, Weirdness & Mutations

You reflexively headbutt those who attack you in melee.
You have a pair of horns on your head.


Message History

The howler monkey is severely wounded.
You hit the hellwing but do no damage. You block the howler monkey's attack.
A hippogriff comes into view.
Unknown command.
Your plate armour prevents you from hitting the howler monkey.
Your headbutt misses the howler monkey.
The howler monkey is severely wounded.
You completely miss the hellwing.
The hellwing hits you but does no damage.
The hellwing hits you.
* * * LOW HITPOINT WARNING * * *
You block the howler monkey's attack. You block the hellwing's attack.
The hellwing hits you but does no damage.
You completely miss the howler monkey. Your headbutt misses the howler monkey.
The howler monkey is severely wounded.
You closely miss the hellwing.
The howler monkey hoots and howls with incredible vigour!
The howler monkey hits you but does no damage.
The hellwing hits you!
You die...

#......$...
#..8...8...
#.......P..
#.....h....
#.#.....8P.
#HZ........
#h#......##
#h########
#@# #4# #.#
#.# #.# #.#
#.# #.# #..


You could see a hellwing, a hippogriff, 2 howler monkeys and a centaur warrior
skeleton.

Vanquished Creatures
  A two-headed ogre (D:9)
  The ghost of Lucio the Spear-Bearer, a novice MfSk (D:5)
  A centaur skeleton (D:9)
  A steam dragon (D:7)
  A sky beast (D:5)
  An orc warrior (D:8)
  2 phantoms
  An ice beast (D:6)
  2 black bears
  2 ogres
  4 centaurs
  A crocodile (D:7)
  2 big kobolds
  A scorpion (D:4)
  3 killer bees (D:7)
  4 electric eels (D:6)
  6 crimson imps
  A bullfrog zombie (D:5)
  A jelly (D:5)
  5 orc priests
  A hound (D:4)
  2 iguanas
  13 orc wizards
  2 worker ants (D:6)
  2 hound zombies
  A worker ant zombie (D:6)
  14 gnolls
  10 adders
  4 shadow imps
  5 oozes (D:1)
  An adder zombie (D:5)
  3 worms
  7 dart slugs
  3 leopard geckos
  32 orcs
  A ball python (D:3)
  11 bats
  A bat zombie (D:3)
  10 giant cockroaches
  10 goblins
  15 hobgoblins
  7 jackals
  11 kobolds
  4 quokkas
  6 frilled lizards
  2 leopard gecko skeletons
  A quokka skeleton (D:9)
  A quokka zombie (D:5)
  7 rats
  A rat zombie (D:3)
229 creatures vanquished.

Vanquished Creatures (others)
  2 orcs (D:6)
  A plant (D:6)
  5 withered plants (D:9)
8 creatures vanquished.

Grand Total: 237 creatures vanquished

Notes
Turn   | Place    | Note
-------+----------+-------------------------------------------
     0 | D:1      | wojtek the Minotaur Fighter began the quest for the Orb.
     0 | D:1      | Reached XP level 1. HP: 19/19 MP: 0/0
     1 | D:1      | Found a runed door.
    19 | D:1      | Reached skill level 3 in Axes
    64 | D:1      | Reached XP level 2. HP: 20/26 MP: 1/1
   208 | D:1      | Reached skill level 4 in Axes
   298 | D:1      | Reached XP level 3. HP: 31/31 MP: 2/2
   551 | D:1      | Reached skill level 5 in Axes
   649 | D:2      | Reached XP level 4. HP: 37/39 MP: 3/3
   966 | D:1      | Reached skill level 6 in Axes
  1065 | D:2      | Reached XP level 5. HP: 26/45 MP: 4/4
  1628 | D:3      | Reached skill level 7 in Axes
  1835 | D:3      | Found an ancient bone altar of Kikubaaqudgha.
  1940 | D:3      | Reached XP level 6. HP: 45/52 MP: 5/5
  2053 | D:4      | Reached skill level 1 in Dodging
  2293 | D:4      | Found a snail-covered altar of Cheibriados.
  2632 | D:4      | Found a stormy altar of Qazlal.
  2720 | D:5      | Entered Level 5 of the Dungeon
  2767 | D:5      | Noticed Lucio's ghost (novice MfSk)
  2931 | D:5      | Killed Lucio's ghost
  2931 | D:5      | Reached skill level 8 in Axes
  2931 | D:5      | Reached XP level 7. HP: 32/60 MP: 6/6
  3127 | D:5      | Reached skill level 5 in Armour
  3127 | D:5      | Reached skill level 5 in Shields
  3132 | D:5      | Found a shadowy altar of Dithmenos.
  3178 | D:5      | Reached skill level 5 in Fighting
  3178 | D:5      | Reached XP level 8. HP: 67/68 MP: 7/7
  3300 | D:5      | Reached skill level 9 in Axes
  3419 | D:5      | Found a glowing golden altar of the Shining One.
  3996 | D:6      | Found a sacrificial altar of Ru.
  4039 | D:6      | Found Rumeawosh's Food Boutique.
  4273 | D:6      | Reached skill level 10 in Axes
  4487 | D:6      | Reached XP level 9. HP: 8/75 MP: 8/8
  4812 | D:6      | Found a sparkling altar of Nemelex Xobeh.
  5663 | D:7      | Found a staircase to the Ecumenical Temple.
  5702 | D:7      | Noticed wojtek's ghost (novice MiFi)
  5975 | D:7      | Reached skill level 5 in Dodging
  6049 | Temple   | Entered the Ecumenical Temple
  6279 | Temple   | Became a worshipper of Makhleb the Destroyer
  6330 | D:7      | Found a sacrificial altar of Ru.
  6514 | D:8      | Found a hide-covered altar of Uskayaw.
  6515 | D:8      | Noticed a hand axe
  6515 | D:8      | Noticed a hand axe
  6632 | D:8      | Noticed tminei's ghost (novice MiBe)
  6747 | D:8      | Found a deep blue altar of Sif Muna.
  6802 | D:8      | Reached skill level 1 in Invocations
  6938 | D:8      | Reached skill level 11 in Axes
  7229 | D:8      | Noticed Maurice
  7281 | D:8      | Paralysed by Maurice for 4 turns
  7685 | D:9      | Noticed a two-headed ogre
  7698 | D:9      | Killed a two-headed ogre
  7698 | D:9      | Reached XP level 10. HP: 19/86 MP: 9/11
  7971 | D:9      | Noticed a deep elf mage
  7998 | D:9      | Reached * piety under Makhleb
  7998 | D:9      | Reached skill level 1 in Evocations
  8013 | D:9      | HP: 1/86 [hellwing (4)]
  8040 | D:9      | Slain by a hellwing

Skill      XL: |  1  2  3  4  5  6  7  8  9 10 |
---------------+-------------------------------+-----
Axes           | 3 4 5 6 7 8 10 11 | 11.4
Dodging        | 2 3 4 5 |  5.8
Shields        | 4 5 6 7 |  7.4
Armour         | 4 5 6 7 |  7.4
Fighting       | 4 5 6 7 |  7.3
Invocations    | 3 |  3.2
Evocations     | 1 |  1.0

Action                   |  1- 3 |  4- 6 |  7- 9 | 10-12 || total
-------------------------+-------+-------+-------+-------++-------
Melee: War axe           |    85 |   223 |   378 |    58 ||   744
       Headbutt          |    13 |    37 |    66 |    13 ||   129
  Use: Scroll            |       |       |     9 |     3 ||    12
       Potion            |       |       |       |     1 ||     1
  Eat: Chunk             |       |     6 |    17 |     1 ||    24
Armor: Scale mail        |    28 |       |       |       ||    28
       Chain mail        |       |   105 |   140 |       ||   245
       Plate armour      |       |       |    22 |    52 ||    74
Dodge: Dodged            |    32 |    45 |    81 |    30 ||   188
Block: Shield            |    30 |   118 |   150 |    53 ||   351
